 Dungeon Crawl Stone Soup version 0.28.0 (webtiles) character file.

Game seed: 4449714935065780406

2139233 4FPSwarrior the Ninja (level 27, 231/231 HPs)
             Began as a Vampire Enchanter on Feb 6, 2022.
             Was the Champion of Dithmenos.
             Escaped with the Orb
             ... and 5 runes on Feb 16, 2022!
             The game lasted 10:57:58 (137435 turns).

4FPSwarrior the Ninja (Vampire Enchanter)         Turns: 137435, Time: 10:57:59

Health: 231/231    AC: 23    Str: 21    XL:     27
Magic:  43/43      EV: 25    Int: 28    God:    Dithmenos [******]
Gold:   2184       SH: 21    Dex: 24    Spells: 10/59 levels left

rFire   + + .      SeeInvis +   r - +9 quick blade (freeze)
rCold   + . .      Faith    .   E - +5 kite shield {reflect}
rNeg    + + +      Spirit   .   Z - +3 troll leather armour "Aviewune" {rElec Regen+ Str+3 Slay+3}
rPois   +          Reflect  +   k - +0 helmet "Huimion" {rC+ Will+}
rElec   +          Harm     .   S - +2 ratskin cloak {*Rats rPois rN+ Str-1 Int-1 Dex+1}
rCorr   +          Rampage  +   l - +2 pair of gloves "Unetwonofe" {*Slow rF+ rN+ Dex+4}
Will    ++++.                   W - +2 pair of boots {rampage}
Stlth   ++++++....              d - amulet of regeneration
HPRegen 2.28/turn               f - ring of Happiness {rF+ Str+6 Int+6 Slay+3}
MPRegen 0.28/turn               R - ring of the Pariah {rPois rN++ Will+ rCorr Str+2}

@: healing quickly, wreathed by umbra, studying 4 skills
A: alive, fangs 3, see invisible, vampiric 2, hooves 1, iridescent scales 1,
screaming 1, MP-powered wands, devolution 2
0: Orb of Zot
}: 5/15 runes: barnacled, slimy, silver, abyssal, gossamer
a: Exsanguinate, Renounce Religion, Shadow Step, Shadow Form


You escaped.
You worshipped Dithmenos.
Dithmenos was exalted by your worship.
You visited 14 branches of the dungeon, and saw 59 of its levels.
You visited the Abyss 4 times.
You visited 1 bazaar.
You visited 1 ziggurat, and saw 14 of its levels.
You also visited: Sewer, Gauntlet, Ice Cave and Wizlab.

You collected 12802 gold pieces.
You spent 10618 gold pieces at shops.

Inventory:

Hand Weapons
 i - a +9 quick blade of electrocution
 q - a +9 quick blade of flaming
 r - a +9 quick blade of freezing (weapon)
 A - the +8 Vampire's Tooth {vamp}
   (You found it on level 3 of the Crypt)

   It occasionally heals its wielder for the full amount of damage dealt when it
   wounds a living foe.
 T - the +8 dagger "Yfagedgh" {vorpal, Will+ MP+9}
   (You found it on level 8 of a ziggurat)

   It inflicts extra damage upon your enemies.
   MP:        It affects your magic capacity (+9).
   Will:      It increases your willpower.
Missiles
 e - 10 throwing nets (quivered)
Armour
 k - the +0 helmet "Huimion" (worn) {rC+ Will+}
   (You found it on level 5 of the Pits of Slime)

   rC:        It protects you from cold.
   Will:      It increases your willpower.
 l - the +2 pair of gloves "Unetwonofe" (worn) {*Slow rF+ rN+ Dex+4}
   (You bought it in a shop in a bazaar)

   Dex:       It affects your dexterity (+4).
   rF:        It protects you from fire.
   rN:        It protects you from negative energy.
   *Slow:     It may slow you when you take damage.
 E - a +5 kite shield of reflection (worn)
 S - the +2 ratskin cloak (worn) {*Rats rPois rN+ Str-1 Int-1 Dex+1}
   (You found it on level 10 of the Dungeon)

   When the wearer is hurt, rats may emerge from it to assist them.
   Str:       It affects your strength (-1).
   Int:       It affects your intelligence (-1).
   Dex:       It affects your dexterity (+1).
   rPois:     It protects you from poison.
   rN:        It protects you from negative energy.
 U - a +2 pair of gloves of infusion
 W - a +2 pair of boots of rampaging (worn)
 Z - the +3 troll leather armour "Aviewune" (worn) {rElec Regen+ Str+3 Slay+3}
   (You bought it in a shop on level 4 of the Shoals)

   Str:       It affects your strength (+3).
   Slay:      It affects your accuracy & damage with ranged weapons and melee
   (+3).
   rElec:     It insulates you from electricity.
   Regen:     It increases your rate of health regeneration.
Jewellery
 d - an amulet of regeneration (around neck)
 f - the ring of Happiness (left hand) {rF+ Str+6 Int+6 Slay+3}
   (You found it on level 1 of the Spider Nest)

   [ring of strength]

   Str:       It affects your strength (+6).
   Int:       It affects your intelligence (+6).
   Slay:      It affects your accuracy & damage with ranged weapons and melee
   (+3).
   rF:        It protects you from fire.
 H - the necklace of Bloodlust {*Rage Will++ Int-3 Slay+6}
   (You found it on level 9 of a ziggurat)

   [amulet of nothing]

   It extends the wearer's berserk rage when killing foes.
   Int:       It affects your intelligence (-3).
   Slay:      It affects your accuracy & damage with ranged weapons and melee
   (+6).
   *Rage:     It berserks you when you make melee attacks (+50% chance).
   Will:      It greatly increases your willpower.
 N - the ring of Asmuollo {rC++ rN+ Int-3}
   (You found it on level 5 of the Pits of Slime)

   [ring of positive energy]

   Int:       It affects your intelligence (-3).
   rC:        It greatly protects you from cold.
   rN:        It protects you from negative energy.
 R - the ring of the Pariah (right hand) {rPois rN++ Will+ rCorr Str+2}
   (You took it off a merfolk on level 4 of the Shoals)

   [ring of willpower]

   Str:       It affects your strength (+2).
   rPois:     It protects you from poison.
   rN:        It greatly protects you from negative energy.
   rCorr:     It protects you from acid and corrosion.
   Will:      It increases your willpower.
Wands
 x - a wand of mindburst (17)
 B - a wand of paralysis (15)
 F - a wand of acid (22)
 I - a wand of iceblast (43)
 M - a wand of polymorph (43)
 X - a wand of digging (21)
Scrolls
 g - a scroll of silence
 h - 2 scrolls of enchant armour
 j - 3 scrolls of brand weapon
 m - 7 scrolls of torment
 o - 21 scrolls of fog
 v - 11 scrolls of fear
 z - 8 scrolls of magic mapping
 J - a scroll of enchant weapon
 Y - 10 scrolls of teleportation
Potions
 a - 16 potions of mutation
 b - 9 potions of might
 c - 3 potions of invisibility
 n - 14 potions of brilliance
 p - 2 potions of haste
 t - 22 potions of curing
 w - 2 potions of flight
 D - 4 potions of magic
 G - 6 potions of ambrosia
 K - 4 potions of resistance
 O - 5 potions of heal wounds
 P - 4 potions of cancellation
Miscellaneous
 s - a phantom mirror (inert)
 u - the horn of Geryon (inert)
 y - a condenser vane
 C - a phial of floods
 Q - a box of beasts
 V - a lightning rod (4/4)


   Skills:
 * Level 21.8 Fighting
 - Level 10.0 Short Blades
 - Level 11.1 Armour
 + Level 16.5 Dodging
 O Level 27 Stealth
 + Level 16.4 Shields
 + Level 16.7 Spellcasting
 + Level 26.6 Hexes
 * Level 15.9 Summonings
 - Level 12.7 Necromancy
 - Level 5.0 Ice Magic
 - Level 10.4 Earth Magic
 + Level 17.5 Invocations
 + Level 15.0 Evocations


You had 10 spell levels left.
You knew the following spells:

 Your Spells              Type           Power      Damage    Failure   Level
a - Borgnjor's Vile Clut  Necr/Erth      36%        N/A       1%          5
b - Summon Mana Viper     Hex/Summ       97%        N/A       0%          5
c - Anguish               Hex/Necr       46%        N/A       0%          4
d - Enfeeble              Hex            53%        N/A       1%          7
e - Excruciating Wounds   Necr           38%        N/A       1%          5
f - Confusing Touch       Hex            100%       N/A       0%          3
g - Tukima's Dance        Hex            100%       N/A       0%          3
h - Discord               Hex            53%        N/A       1%          8
i - Summon Guardian Gole  Hex/Summ       97%        N/A       0%          3
j - Summon Cactus Giant   Summ           42%        N/A       1%          6

Your spell library contained the following spells:

 Spells                   Type           Power      Damage    Failure   Level
 Summon Small Mammal      Summ           100%       N/A       0%          1
 Ensorcelled Hibernation  Hex/Ice        100%       N/A       0%          2
 Call Canine Familiar     Summ           85%        N/A       0%          3
 Cause Fear               Hex            53%        N/A       0%          4
 Corpse Rot               Necr/Air       100%       N/A       1%          2
 Dazzling Flash           Conj/Hex       100%       N/A       1%          3
 Frozen Ramparts          Ice            100%       1d12      1%          3
 Inner Flame              Hex/Fire       78%        N/A       1%          3
 Portal Projectile        Hex/Tloc       100%       N/A       1%          3
 Animate Armour           Summ/Erth      100%       N/A       1%          4
 Animate Dead             Necr           38%        N/A       1%          4
 Dispel Undead            Necr           76%        3d25      1%          4
 Fulminant Prism          Conj/Hex       39%        3d18      1%          4
 Summon Ice Beast         Ice/Summ       70%        N/A       1%          4
 Lee's Rapid Deconstruct  Erth           35%        3d19*     1%          5
 Metabolic Englaciation   Hex/Ice        42%        N/A       1%          5
 Silence                  Hex/Air        39%        N/A       1%          5
 Yara's Violent Unravell  Hex/Tmut       39%        3d16      1%          5
 Foxfire                  Conj/Fire      92%        2x1d8     3%          1
 Magic Dart               Conj           92%        1d7       3%          1
 Shock                    Conj/Air       92%        1d8       3%          1
 Sting                    Tmut/Pois      92%        1d7       3%          1
 Death Channel            Necr           38%        N/A       3%          6
 Petrify                  Tmut/Erth      51%        N/A       4%          4
 Monstrous Menagerie      Summ           42%        N/A       4%          7
 Blink                    Tloc           46%        N/A       5%          2
 Poisonous Vapours        Pois/Air       46%        N/A       5%          2
 Scorch                   Fire           46%        2d7       5%          2
 Searing Ray              Conj           46%        2d6       5%          2
 Static Discharge         Conj/Air       23%        N/A       5%          2
 Wereblood                Tmut           23%        N/A       5%          2
 Conjure Flame            Conj/Fire      23%        6-21      11%         3
 Gell's Gravitas          Tloc           23%        N/A       11%         3
 Ignite Poison            Fire/Tmut/Pois 23%        N/A       11%         3
 Lesser Beckoning         Tloc           23%        N/A       11%         3
 Mephitic Cloud           Conj/Pois/Air  23%        N/A       11%         3
 Swiftness                Air            23%        N/A       11%         3
 Teleport Other           Tloc           23%        N/A       11%         3
 Hailstorm                Conj/Ice       37%        3d9       13%         4
 Ice Form                 Ice/Tmut       37%        N/A       13%         4
 Simulacrum               Ice/Necr       32%        N/A       16%         6
 Summon Horrible Things   Summ           42%        N/A       34%         8
 Airstrike                Air            11%        N/A       36%         4
 Flame Wave               Conj/Fire      23%        2d7       36%         4
 Iskenderun's Mystic Bla  Conj/Tloc      23%        2d6       36%         4
 Passage of Golubria      Tloc           23%        N/A       36%         4
 Freezing Cloud           Conj/Ice/Air   16%        6-21      45%         5
 Iron Shot                Conj/Erth      25%        9d5       54%         6
 Statue Form              Tmut/Erth      34%        N/A       54%         6
 Alistair's Intoxication  Tmut/Pois      15%        N/A       71%         5
 Blade Hands              Tmut           11%        N/A       71%         5
 Fireball                 Conj/Fire      11%        3d7       71%         5
 Iskenderun's Battlesphe  Conj           23%        2d8       71%         5
 Lightning Bolt           Conj/Air       11%        1d24      71%         5
 Manifold Assault         Tloc           23%        N/A       71%         5
 Malign Gateway           Summ/Tloc      30%        N/A       77%         7
 Spellforged Servitor     Conj/Summ      30%        N/A       77%         7
 Infestation              Necr           38%        N/A       80%         8
 Conjure Ball Lightning   Conj/Air       11%        3x3d6     99%         6
 Dispersal                Tloc           11%        N/A       99%         6
 Eringya's Noxious Bog    Tmut/Pois      11%        N/A       99%         6
 Starburst                Conj/Fire      11%        6d5       99%         6
 Dragon's Call            Summ           42%        N/A       99%         9
 Dragon Form              Tmut           11%        N/A       100%        7
 Orb of Destruction       Conj           11%        9d6       100%        7
 Storm Form               Tmut/Air       11%        N/A       100%        7
 Disjunction              Tloc           11%        N/A       100%        8
 Ignition                 Fire           11%        3d5       100%        8
 Lehudib's Crystal Spear  Conj/Erth      25%        10d7      100%        8
 Maxwell's Capacitive Co  Air            11%        ∞         100%        8
 Chain Lightning          Conj/Air       11%        3d15      100%        9
 Fire Storm               Conj/Fire      11%        8d3       100%        9
 Polar Vortex             Ice            25%        N/A       100%        9
 Shatter                  Erth           35%        3d28*     100%        9
 Necromutation            Tmut/Necr      Unusable   N/A       N/A         8

Dungeon Overview and Level Annotations

Branches:
Dungeon (15/15)            Temple (1/1) D:4            Lair (6/6) D:8
 Shoals (4/4) Lair:3       Spider (4/4) Lair:2        Slime (5/5) Lair:5
    Orc (2/2) D:10            Elf (3/3) Orc:2        Vaults (5/5) D:13
  Crypt (3/3) Vaults:2       Tomb (1/3) Crypt:3      Depths (4/4) D:15
   Hell (visited)             Dis (0/7) Hell            Geh (0/7) Hell
    Coc (0/7) Hell            Tar (0/7) Hell            Zot (5/5) Depths:4
  Sewer (visited)           IceCv (visited)          WizLab (visited)
Gauntlet (visited)

Altars:
Ashenzari
Cheibriados
Dithmenos
Elyvilon
Fedhas
Gozag
Hepliaklqana
Kikubaaqudgha
Makhleb
Nemelex Xobeh
Okawaru
Qazlal
Ru
Sif Muna
Trog
Uskayaw
Vehumet
Wu Jian
Xom
Yredelemnul
Zin
The Shining One
Beogh
Jiyva

Shops:
D:1 *   D:4 [*   D:11 [   D:12 *   Orc:2 (?((   Elf:1 ::=(   Elf:2 [   Elf:3 *
Shoals:1 ?*[(*   Shoals:4 :[   Vaults:1 !   Vaults:5 (   Zot:3 *   Depths:1 *
Depths:2 ![*

Portals:
Hell: Depths:1 Depths:2 Depths:3 Depths:4
Abyss: Depths:3 Depths:4*
Pandemonium: Depths:2

Annotations:
D:3 1 runed translucent door, Crazy Yiuf
Spider:4 1 runed translucent door, exclusion: door, Taocaav's ghost, adept CeHu
Elf:1 exclusion: 3 doors
Elf:2 3 runed translucent doors


Innate Abilities, Weirdness & Mutations

Your natural rate of healing is accelerated.
You have razor-sharp teeth.
You have supernaturally acute eyesight. (SInv)
You are afflicted with vampirism and can become a bat while bloodless.
You have large cloven feet.
You are partially covered in iridescent scales. (AC +2)
You occasionally shout uncontrollably at your foes.
You expend magic power (3 MP) to strengthen your wands.
You have terrible hidden genetic defects.


Message History

You see here a +0 flail.
A reaper comes into view.
It is wielding a +2 scythe of protection.
There is a stone staircase leading up here.
You climb upwards.
There is a stone staircase leading down here.
You yell at the reaper!
An Ossop and a reaper come into view.
The reaper is wielding a +0 scythe of venom.
Ossop moves out of view.
The reaper moves out of view.
An ice devil comes into view.
There is a stone staircase leading up here.
You climb upwards.
There is a stone staircase leading down here.
(D) Dungeon (T) Temple (L) Lair (A) Shoals (N) Spider Nest (M) Slime Pits (O) Orcish Mines (E) Elven Halls (V) Vaults (C) Crypt (W) Tomb (U) Depths (H) Hell (I) Dis (G) Gehenna (X) Cocytus (Y) Tartarus (Z) Zot
Where to? (Enter - D:1 @ (x,y), ? - help)
What level of the Dungeon? (default 1, ? - help)
Your extra speed is starting to run out.
There is a stone staircase leading up here.
You climb upwards.
Level annotation: 1 runed translucent door, Crazy Yiuf
There is a stone staircase leading down here.
You feel yourself slow down.
HP restored.
There is an open door here.
There is a stone staircase leading up here.
You climb upwards.
There is a stone staircase leading down here.
Things that are here:
a +0 robe; a +0 dagger
There is a stone staircase leading up here.
You climb upwards.
There is a stone staircase leading down here.
You see here a +0 ring mail.
There is an open door here.
There is a staircase leading out of the dungeon here.
You have escaped!

.#..#..##################..#.....
.#..#.#'......####......'#.#.##..
.#..#.#........##........#.#..#..
.####.#...##...##...##...#.#..#..
......#..####..##..####(.#....#.#
#######..####..##..####..#..#.#.#
#...##...##...##...#..###.#
#..................#......#
##........@.......##.######
######..##..#######)#####.
######..##..#######.#.....
##................##.#.##..
#..................#....#..
#...##...##...##...#....#.(
#..####..##..####..#..).#..
#..####..##..####..#...##..
#...##...##...##...#...##..


There were no monsters in sight!

Vanquished Creatures
  the Royal Jelly (Slime:5)
  4 ancient liches
  7 dread liches
  5 orbs of fire
  Mara (Vaults:2)
  3 juggernauts
  3 royal mummies (Tomb:1)
  The ghost of Heot Zafel the Impregnable, a veteran MiGl of Hepliaklqana (Crypt:1)
  Bai Suzhen (Spider:4)
  8 Killer Klowns
  Geryon (Hell)
  6 caustic shrikes (Depths:3)
  Saint Roka (Depths:2)
  A curse toe (Zot:2)
  Nikola (Shoals:2)
  The ghost of Plog the Warrior, an adept DgCj (Depths:4)
  4 profane servitors
  14 golden dragons
  4 bone dragons
  8 electric golems
  Arachne (Spider:4)
  A spectral shard shrike (Crypt:3)
  A hellephant (Abyss:4)
  A Hell Sentinel (Zig:9)
  19 tentacled monstrosities
  Rupert (Lair:4)
  3 pandemonium lords
  4 liches
  10 titans
  21 Orb Guardians
  6 quicksilver dragons
  3 deep elf blademasters
  Asterion (Spider:1)
  3 Executioners
  Polyphemus (Shoals:3)
  7 acid blobs
  A kraken (Shoals:2)
  10 sphinxes
  16 tentacled starspawn
  5 death cobs
  5 ancient champions
  2 thorn hunters (Abyss:3)
  Kirke (Spider:1)
  6 tengu reavers
  11 shadow dragons
  5 draconian monks
  4 revenants
  5 azure jellies
  9 storm dragons
  Donald (Orc:2)
  5 iron dragons
  6 draconian knights
  11 deep elf sorcerers
  2 rockslimes
  2 nagarajas (WizLab)
  12 fire giants
  2 draconian scorchers (Zot:1)
  2 spectral caustic shrikes (Crypt:3)
  9 emperor scorpions
  18 vault wardens
  4 balrugs
  A cacodemon (Abyss:2)
  9 frost giants
  Louise (Shoals:4)
  6 orc warlords
  2 curse skulls
  4 deep elf elementalists (Elf:3)
  11 ghost moths
  3 draconian shifters
  13 ghouls
  9 draconian stormcallers
  6 draconian annihilators
  15 ironbound preservers
  3 demonspawn corrupters (WizLab)
  8 quicksilver oozes
  10 ironbound thunderhulks
  3 war gargoyles
  7 reapers
  3 spriggan defenders
  2 broodmothers
  22 very ugly things
  A caustic shrike skeleton (Abyss:4)
  13 stone giants
  An eleionoma (shapeshifter) (Zig:7)
  6 vampire knights
  3 deep elf demonologists
  A putrid mouth (Depths:1)
  Azrael (D:14)
  4 green draconians
  6 yellow draconians
  7 dire elephants
  An eleionoma (Zig:8)
  6 red draconians
  A lorocyproca (Depths:1)
  4 spark wasps
  7 deep elf annihilators
  5 purple draconians
  5 white draconians
  9 black draconians
  4 entropy weavers
  A minotaur (Crypt:2)
  A spectral titan (Crypt:3)
  A wendigo (Depths:1)
  11 fire dragons
  18 ettins
  2 spectral quicksilver dragons (Crypt:3)
  3 blizzard demons
  10 eidola
  8 merfolk javelineers
  18 yaktaur captains
  A green death (Abyss:3)
  13 jiangshi
  9 deep elf death magi
  11 mummy priests (Tomb:1)
  6 merfolk impalers
  13 great orbs of eyes
  2 crystal guardians
  A fire dragon (shapeshifter) (Abyss:5)
  10 rakshasas
  10 deep elf high priests
  A spectral shadow dragon (Crypt:3)
  3 boulder beetles
  2 hell beasts
  A spectral fenstrider witch (Crypt:3)
  2 spectral spriggans (Crypt:3)
  3 jorogumos
  36 vault guards
  12 hydras
  9 ice dragons
  Erolcha (D:9)
  3 catoblepae
  3 death knights
  2 peacekeepers
  3 radroaches
  3 spriggan air magi
  A spriggan skeleton (Abyss:4)
  5 merfolk aquamancers
  2 caustic shrike simulacra
  10 ironbound frosthearts
  23 centaur warriors
  2 alligator snapping turtles (Shoals:4)
  5 merfolk avatars
  Erica (D:8)
  11 death yaks
  A juggernaut simulacrum (Abyss:4)
  18 dancing weapons
  7 two-headed ogres
  7 deep troll shamans
  An anaconda (shapeshifter) (Zig:2)
  A satyr (Abyss:3)
  8 vampire magi
  15 death scarabs (Tomb:1)
  3 deep troll earth magi
  Urug (Lair:3)
  6 orc high priests
  6 hell hogs
  3 spectral dire elephants (Crypt:3)
  7 tengu warriors
  3 spriggan berserkers (Depths:3)
  The ghost of McKennaii the Destroyer, a novice DgCj (D:7)
  7 thrashing horrors
  15 deep elf knights
  8 hell knights
  A crystal echidna (Zig:9)
  A storm dragon zombie (Crypt:1)
  Sonja (Lair:5)
  31 large abominations
  7 sun demons
  Nergalle (Lair:2)
  6 shadow wraiths
  14 spriggans
  7 soul eaters
  5 wretched stars
  The ghost of hitsuchi the Chiller, a novice DrTm of Okawaru (D:7)
  4 pharaoh ants
  The ghost of dvd2 the Cleaver, a novice DsGl of Okawaru (D:7)
  2 spatial maelstroms
  23 skeletal warriors
  3 sixfirhies
  8 iron trolls
  28 starcursed masses
  4 orb spiders
  A sun moth (Spider:1)
  11 sea snakes
  3 spriggan druids
  2 steelbarb worms (shapeshifter)
  16 wizards
  A swamp dragon (shapeshifter) (Vaults:5)
  A death drake (shapeshifter) (Vaults:5)
  42 deep trolls
  9 steelbarb worms
  A sea snake (shapeshifter) (Zig:6)
  9 glowing orange brains
  A swamp dragon (Zig:8)
  19 deep elf archers
  12 lindwurms
  13 ironbound convokers
  15 flayed ghosts
  5 phantasmal warriors
  The ghost of Akaron the Destroyer, a novice OpCj of Vehumet (D:7)
  28 harpies
  25 deep elf zephyrmancers
  4 bog bodies
  6 orc knights
  12 orc sorcerers
  An anaconda skeleton (Hell)
  26 wolf spiders
  An oklob plant (Orc:2)
  7 necromancers
  2 shining eyes
  35 deep elf pyromancers
  An iron dragon zombie (Crypt:3)
  A sphinx skeleton (Crypt:2)
  20 manticores
  A will-o-the-wisp (Abyss:3)
  50 ugly things
  8 cyclopes
  An eleionoma skeleton (Crypt:1)
  10 worldbinders
  A spectral ettin (Crypt:3)
  A salamander (D:15)
  9 elephants
  A black mamba (Lair:6)
  4 centaur zombies
  18 moths of wrath
  3 apocalypse crabs
  A dire elephant zombie (Tomb:1)
  11 merfolk sirens
  A spectral centaur (Crypt:3)
  Maurice (D:8)
  6 torpor snails
  16 vault sentinels
  6 eyes of devastation
  A black mamba (shapeshifter) (D:13)
  5 orange demons
  2 cane toads (shapeshifter)
  6 water nymphs
  3 gargoyles
  Maggie (D:6)
  3 rime drakes
  8 smoke demons
  A black draconian zombie (Crypt:3)
  A dire elephant skeleton (Crypt:3)
  19 cane toads
  2 unseen horrors
  A grey draconian zombie (Crypt:2)
  2 steelbarb worm zombies
  4 hellions
  43 yaktaurs
  6 demonic crawlers
  9 komodo dragons
  7 efreet
  2 bunyip simulacra
  2 kobold demonologists
  18 freezing wraiths
  A death yak skeleton (Crypt:2)
  A tormentor (Abyss:4)
  5 tengu conjurers
  4 ice devils
  5 hellwings
  2 harpy zombies
  A red devil (Hell)
  A polar bear (shapeshifter) (Depths:4)
  An anaconda simulacrum (Crypt:3)
  6 ancient zymes
  A merfolk (shapeshifter) (Vaults:5)
  A silent spectre (Abyss:5)
  9 meliai
  A shadow dragon simulacrum (Depths:1)
  7 guardian mummies (Tomb:1)
  7 polar bears
  The ghost of bargaw the Covered, an amateur GnWn (D:7)
  6 hornets
  35 merfolk
  3 trolls
  3 spectral harpies (Crypt:3)
  A hornet (shapeshifter) (D:14)
  30 tarantellas
  94 slime creatures
  6 wind drakes
  A snapping turtle (shapeshifter) (Depths:3)
  16 dream sheep
  9 blink frogs
  Grinder (D:2)
  An alligator zombie (Crypt:2)
  A dream sheep (shapeshifter) (Depths:3)
  A harpy skeleton (Crypt:1)
  24 raiju
  10 snapping turtles
  2 air elementals (Elf:3)
  A spectral black mamba (Crypt:3)
  26 jumping spiders
  15 flying skulls
  29 culicivoras
  An ice dragon skeleton (Abyss:1)
  9 wraiths
  27 yaks
  10 water elementals
  A culicivora (shapeshifter) (Abyss:2)
  2 wyverns (D:8)
  A fire dragon skeleton (Crypt:3)
  A centaur simulacrum (Crypt:1)
  7 vampires
  3 shadows
  A naga simulacrum (Crypt:3)
  9 ynoxinuls
  2 ushabtiu (Tomb:1)
  4 basilisks
  9 fire elementals
  20 humans
  2 fire bats (Abyss:1)
  9 neqoxecs
  A hog (Spider:2)
  3 steam dragons
  14 vampire mosquitoes
  8 chaos spawn
  10 golden eyes
  A golden eye (shapeshifter) (Abyss:3)
  A faun zombie (Crypt:3)
  58 redbacks
  6 spatial vortices
  3 spriggan simulacra
  4 wargs
  A two-headed ogre zombie (Crypt:2)
  2 harpy simulacra (Crypt:3)
  A swamp worm (shapeshifter) (Depths:3)
  9 water moccasins
  6 hell hounds
  A floating eye (shapeshifter) (Abyss:3)
  A cane toad skeleton (Crypt:2)
  43 orc warriors
  A water nymph skeleton (Crypt:1)
  2 ice beasts
  3 sky beasts (D:6)
  36 wolves
  6 necrophages
  4 black bears
  2 dream sheep zombies
  7 ogres
  14 boggarts
  An elephant skeleton (Crypt:2)
  18 centaurs
  2 phantoms
  12 bullfrogs
  3 kobold brigands
  A yaktaur zombie (Crypt:3)
  4 earth elementals
  A salamander skeleton (Crypt:2)
  A gnoll sergeant (D:8)
  7 scorpions
  2 spectral wargs (Depths:2)
  A wyvern skeleton (D:7)
  A queen bee zombie (Crypt:1)
  A yak zombie (Crypt:2)
  19 small abominations
  20 killer bees
  3 howler monkeys (D:10)
  A wight (D:7)
  A yak skeleton (Crypt:1)
  A bullfrog zombie (D:6)
  A komodo dragon simulacrum (IceCv)
  6 quasits
  An iron imp (Abyss:4)
  A hound (D:4)
  A jelly (D:7)
  3 iguanas
  28 orc priests
  Jessica (D:2)
  Terence (D:2)
  26 orc wizards
  Natasha (thrice) (D:4)
  10 hell rats
  A sky beast zombie (Crypt:2)
  A dwarf skeleton (Crypt:3)
  A hound zombie (D:5)
  A hound skeleton (Crypt:3)
  11 mummies (Tomb:1)
  2 howler monkey zombies
  8 gnolls
  8 adders
  4 white imps
  3 ufetubi
  A steam dragon simulacrum (IceCv)
  A worm (D:2)
  A barachi zombie (Crypt:1)
  3 dart slugs
  80 orcs
  8 ball pythons
  7 endoplasms
  13 giant cockroaches
  7 goblins
  8 hobgoblins
  7 jackals
  21 kobolds
  6 quokkas
  4 bats
  11 frilled lizards
  A jackal zombie (Crypt:3)
  5 rats
  A river rat skeleton (Crypt:1)
  A spectral orc (D:7)
  3 fire vortices (Hell)
  A lurking horror (Abyss:3)
  3 starspawn tentacles (Abyss:1)
2870 creatures vanquished.

Vanquished Creatures (collateral kills)
  A dread lich (Zot:5)
  An ancient lich (Zot:5)
  A royal mummy (Tomb:1)
  2 Killer Klowns
  A caustic shrike (Depths:3)
  A golden dragon (Vaults:5)
  A curse toe (Zot:2)
  An electric golem (Zot:3)
  2 iron giants (Zig:9)
  3 liches
  A walking crystal tome (Depths:3)
  4 Orb Guardians (Zot:5)
  A walking frostbound tome (Depths:3)
  A quicksilver dragon (Zot:4)
  A titan (Depths:3)
  3 acid blobs (Slime:5)
  An ancient champion (Zig:9)
  5 storm dragons
  2 draconian monks
  A shadow dragon (Zot:5)
  6 rockslimes (Slime:5)
  A tengu reaver (Depths:2)
  2 draconian knights
  3 azure jellies (Slime:5)
  2 frost giants (Vaults:5)
  A frost giant (shapeshifter) (Zig:11)
  A fire giant (Zig:13)
  Ilsuiw (Shoals:3)
  5 draconian shifters
  4 draconian scorchers
  A deep elf sorcerer (Vaults:5)
  2 orc warlords (Zig:10)
  A vault warden (Vaults:4)
  3 quicksilver elementals (Zig:9)
  A balrug (Zig:13)
  2 draconian stormcallers
  2 reapers
  3 draconian annihilators
  3 quicksilver oozes (Slime:5)
  2 very ugly things (Zig:11)
  5 green draconians
  A stone giant (shapeshifter) (Zig:11)
  3 stone giants
  2 red draconians (Zot:5)
  2 yellow draconians
  2 dire elephants (Abyss:4)
  A minotaur (Gauntlet)
  5 purple draconians
  6 black draconians
  A dire elephant (shapeshifter) (Zig:11)
  A blizzard demon (Zig:11)
  A mummy priest (Tomb:1)
  An ettin (Depths:2)
  A fire dragon (Zig:13)
  A green death (Zig:8)
  A jiangshi (Crypt:2)
  A great orb of eyes (Slime:5)
  3 vault guards
  A hydra (Zig:8)
  2 merfolk avatars
  3 spriggan air magi (Depths:3)
  2 dancing weapons (Zot:5)
  2 merfolk aquamancers (Zig:12)
  A death knight (Crypt:1)
  A two-headed ogre (D:11)
  A deep troll shaman (Depths:3)
  A deep troll earth mage (Depths:1)
  A thrashing horror (Abyss:4)
  A soul eater (Hell)
  A crystal echidna (Zig:9)
  A fire crab (Zig:13)
  A deep elf knight (Crypt:2)
  An iron troll (Zig:10)
  A hell knight (Depths:3)
  A skeletal warrior (Tomb:1)
  A spriggan druid (Zig:8)
  A spatial maelstrom (Abyss:4)
  2 sea snakes (Zig:12)
  A death drake (shapeshifter) (Zig:11)
  A goliath frog (Zig:8)
  A deep elf archer (Vaults:5)
  3 swamp dragons (Zig:8)
  A phantasmal warrior (Vaults:5)
  An orc knight (Vaults:4)
  A cyclops (Depths:2)
  A deep elf pyromancer (Elf:1)
  4 manticores
  3 elephants
  4 merfolk sirens
  3 moths of wrath
  3 water nymphs (Zig:12)
  A torpor snail (Spider:4)
  An apocalypse crab (Zig:11)
  An efreet (Zig:13)
  2 yaktaurs
  2 wind drakes (Zig:12)
  A troll (Zig:10)
  6 merfolk
  A tyrant leech (Zig:8)
  A snapping turtle (Zig:12)
  3 raiju (Abyss:4)
  A blink frog (Lair:3)
  7 slime creatures
  2 water elementals (Zig:12)
  A centaur simulacrum (Hell)
  3 fire elementals (Zig:13)
  A vampire mosquito (D:12)
  A warg (Depths:2)
  Edmund (D:4)
  A hell hound (D:14)
  13 orc warriors
  2 boggarts (D:14)
  5 ogres
  A bullfrog (Lair:4)
  An earth elemental (Elf:1)
  A killer bee (D:7)
  A wight (D:7)
  A komodo dragon simulacrum (IceCv)
  4 orc priests
  5 orc wizards
  An adder (D:5)
  4 gnolls
  20 orcs
  A quokka (D:5)
  3 kobolds (D:9)
  A quokka skeleton (Crypt:1)
272 creatures vanquished.

Vanquished Creatures (others)
  2 Orb Guardians (Zot:5)
  An ancient champion (Zig:9)
  A kraken (Abyss:3)
  A draconian monk (Zot:5)
  An azure jelly (Slime:5)
  A frost giant (Depths:2)
  2 draconian knights
  An orc warlord (Zig:10)
  2 draconian annihilators
  An ironbound preserver (Vaults:5)
  A stone giant (Vaults:5)
  2 black draconians
  4 white draconians
  A red draconian (Zot:4)
  A minotaur (shapeshifter) (Zig:11)
  3 yellow draconians
  A hydra (D:12)
  A vault guard (Vaults:5)
  A merfolk aquamancer (Zig:12)
  An alligator snapping turtle (Shoals:4)
  A vampire mage (Zig:4)
  A centaur warrior (Depths:2)
  2 shock serpents (Zig:14)
  A swamp dragon (Zig:8)
  An iron troll (Depths:2)
  A large abomination (Abyss:5)
  A deep elf pyromancer (Elf:3)
  A harpy (Zig:12)
  A cyclops (Depths:2)
  An ugly thing (Zig:11)
  A moth of wrath (Zot:5)
  2 manticores (Zig:12)
  A worldbinder (Abyss:3)
  A smoke demon (Abyss:4)
  A vault sentinel (Vaults:5)
  A black draconian zombie (Crypt:3)
  An efreet (Zig:13)
  A merfolk (Shoals:4)
  4 raiju
  A culicivora (Spider:1)
  A yak (Lair:5)
  4 humans (Spider:2)
  A neqoxec (Abyss:4)
  A warg (shapeshifter) (Vaults:5)
  A harpy simulacrum (Hell)
  44 dancing weapons
  A warg (Zig:10)
  A hell hound (Zig:13)
  An orc warrior (Depths:2)
  An ogre (Zig:10)
  A small abomination (Abyss:4)
  2 wights (D:7)
  3 starcursed masses
  An orc wizard (Zig:10)
  A kobold (Depths:2)
  2 briar patches (Abyss:3)
  2 foxfires (Abyss:3)
  37 fungi
  3 lurking horrors
  99 plants
  24 starspawn tentacles
  4 tentacles (Abyss:3)
289 creatures vanquished.

Grand Total: 3431 creatures vanquished

Notes
Turn   | Place    | Note
-------+----------+-------------------------------------------
     0 | D:1      | 4FPSwarrior the Vampire Enchanter began the quest for the
                  | Orb.
     0 | D:1      | Reached XP level 1. HP: 13/13 MP: 3/3
    72 | D:1      | Found Uwkoeng's Assorted Antiques.
   498 | D:1      | Found a faded altar of an unknown god.
   619 | D:1      | Reached XP level 2. HP: 20/20 MP: 5/5
  1187 | D:2      | Noticed Jessica
  1190 | D:2      | Killed Jessica
  1191 | D:2      | Reached skill level 1 in Fighting
  1191 | D:2      | Reached skill level 5 in Hexes
  1191 | D:2      | Gained mutation: You are afflicted with vampirism and can
                  | become a bat while bloodless. [Vampire growth]
  1191 | D:2      | Reached XP level 3. HP: 26/26 MP: 6/6
  1203 | D:2      | Learned a level 3 spell: Confusing Touch
  1207 | D:2      | Learned a level 3 spell: Tukima's Dance
  1457 | D:2      | Noticed Terence
  1614 | D:2      | Reached skill level 5 in Stealth
  1614 | D:2      | Reached XP level 4. HP: 8/32 MP: 7/7
  2016 | D:3      | Noticed Grinder
  2066 | D:3      | Found a hide-covered altar of Uskayaw.
  2713 | D:2      | Killed Terence
  2773 | D:3      | Paralysed by Grinder for 4 turns
  2878 | D:3      | Paralysed by an orc priest for 4 turns
  3266 | D:3      | Reached XP level 5. HP: 24/38 MP: 8/8
  3332 | D:4      | Found a staircase to the Ecumenical Temple.
  3355 | Temple   | Entered the Ecumenical Temple
  3618 | Temple   | Became a worshipper of Dithmenos the Shadowed
  4281 | D:4      | Noticed Natasha
  4281 | D:4      | Noticed a phantom
  4410 | D:3      | Found a runed translucent door.
  4411 | D:3      | Noticed Crazy Yiuf
  4938 | D:4      | Noticed Edmund
  4967 | D:4      | Killed Edmund
  4968 | D:4      | Reached skill level 6 in Stealth
  4968 | D:4      | Reached XP level 6. HP: 39/46 MP: 1/9
  5226 | D:4      | Found Caiblofif's Antique Armour Shoppe.
  5234 | D:4      | Bought a runed ring mail for 133 gold pieces
  5369 | D:4      | Found Uzxig's Assorted Antiques.
  5714 | D:5      | Entered Level 5 of the Dungeon
  5955 | D:5      | Reached XP level 7. HP: 51/51 MP: 5/11
  6207 | D:5      | Learned a level 3 spell: Summon Guardian Golem
  6321 | D:5      | Reached skill level 1 in Invocations
  6453 | D:5      | Reached * piety under Dithmenos
  6454 | D:5      | Reached skill level 7 in Stealth
  6486 | D:5      | Reached skill level 1 in Summonings
  6782 | D:5      | Reached XP level 8. HP: 32/58 MP: 8/12
  6967 | D:5      | Found a sparkling altar of Nemelex Xobeh.
  7167 | D:6      | Found a broken altar of Ashenzari.
  7244 | D:6      | Noticed Maggie
  7341 | D:6      | Found a glowing drain.
  7363 | Sewer    | Entered a sewer
  7376 | Sewer    | Learned a level 2 spell: Ensorcelled Hibernation
  7713 | Sewer    | Reached skill level 8 in Stealth
  7752 | D:6      | Found an ancient bone altar of Kikubaaqudgha.
  7752 | D:6      | Found a radiant altar of Vehumet.
  7775 | D:6      | Reached skill level 1 in Ice Magic
  8037 | D:4      | Reached skill level 5 in Short Blades
  8049 | D:4      | Killed Natasha
  8050 | D:4      | Reached XP level 9. HP: 59/65 MP: 8/14
  8184 | D:4      | Found Caiblofif's Antique Armour Shoppe.
  8301 | D:4      | Found Uzxig's Assorted Antiques.
  8322 | D:4      | Noticed Natasha
  8332 | D:4      | Killed Natasha
  8469 | D:4      | Found a staircase to the Ecumenical Temple.
  8583 | D:4      | Noticed Natasha
  8610 | D:4      | Killed Natasha
  8934 | D:4      | Bought 2 scrolls labelled DAEMEO KAGHOCS for 50 gold pieces
  9053 | D:2      | Killed Grinder
  9054 | D:2      | Reached skill level 10 in Hexes
  9333 | D:2      | Paralysed by an orc priest for 6 turns
  9913 | D:7      | Reached ** piety under Dithmenos
 10268 | D:7      | Reached skill level 9 in Stealth
 10492 | D:7      | Found a hazy altar of Hepliaklqana.
 10779 | D:7      | Found a runed translucent gate.
 10779 | D:7      | Found a runed translucent gate.
 10781 | D:7      | Found a runed translucent gate.
 10781 | D:7      | Noticed hitsuchi's ghost (novice DrTm)
 10781 | D:7      | Noticed Akaron's ghost (novice OpCj)
 10782 | D:7      | Noticed dvd2's ghost (novice DsGl)
 10783 | D:7      | Noticed McKennaii's ghost (novice DgCj)
 10783 | D:7      | Noticed bargaw's ghost (amateur GnWn)
 10832 | D:7      | Found a bloodstained altar of Trog.
 10892 | D:7      | Found a stormy altar of Qazlal.
 10892 | D:7      | Found a shimmering altar of Xom.
 11076 | D:8      | Reached XP level 10. HP: 71/73 MP: 5/17
 11258 | D:8      | Found a staircase to the Lair.
 11332 | D:8      | Noticed a two-headed ogre
 11333 | D:8      | Killed a two-headed ogre
 11417 | D:8      | Reached *** piety under Dithmenos
 11453 | D:8      | Noticed Maurice
 11514 | D:8      | Killed Maurice
 11515 | D:8      | Reached skill level 5 in Fighting
 11515 | D:8      | Reached skill level 5 in Spellcasting
 11690 | D:8      | Reached skill level 10 in Stealth
 11702 | D:8      | Noticed Erica
 11705 | D:8      | Killed Erica
 12247 | D:8      | Noticed a two-headed ogre
 12276 | D:8      | Killed a two-headed ogre
 12277 | D:8      | Reached XP level 11. HP: 50/80 MP: 6/19
 12848 | D:9      | Reached skill level 5 in Summonings
 13208 | D:9      | Reached **** piety under Dithmenos
 13307 | D:9      | Noticed Erolcha
 13312 | D:9      | Killed Erolcha
 13758 | D:10     | Entered Level 10 of the Dungeon
 13758 | D:10     | Noticed a two-headed ogre
 13762 | D:10     | Killed a two-headed ogre
 13763 | D:10     | Reached skill level 11 in Stealth
 13763 | D:10     | Reached skill level 5 in Invocations
 14203 | D:10     | Found the +2 ratskin cloak {*Rats rPois rN+ Str-1 Int-1
                  | Dex+1}
 14815 | D:10     | Found a staircase to the Orcish Mines.
 15067 | D:11     | Noticed a centaur warrior
 15069 | D:11     | Killed a centaur warrior
 15281 | D:11     | Learned a level 5 spell: Excruciating Wounds
 15539 | D:11     | Found Hakhen's Armour Emporium.
 15576 | D:11     | Bought a +0 pair of boots for 54 gold pieces
 15670 | D:11     | Reached skill level 5 in Ice Magic
 15817 | D:11     | Noticed a cyan ugly thing
 15894 | Lair:1   | Entered Level 1 of the Lair of Beasts
 15903 | Lair:1   | Reached skill level 1 in Necromancy
 16918 | Lair:2   | Noticed Nergalle
 16925 | Lair:2   | Killed Nergalle
 17079 | Lair:2   | Reached skill level 1 in Evocations
 17079 | Lair:2   | Reached XP level 12. HP: 88/88 MP: 21/21
 17225 | Lair:2   | Found a hole to the Spider Nest.
 17708 | Lair:2   | Found a hole to the Spider Nest.
 18302 | Lair:3   | Noticed an eight-headed hydra
 18373 | Lair:3   | Found a staircase to the Shoals.
 18439 | Lair:3   | Noticed Urug
 18441 | Lair:3   | Killed Urug
 18442 | Lair:3   | Reached skill level 12 in Stealth
 18615 | Lair:3   | Noticed a death yak
 18618 | Lair:3   | Noticed a death yak
 18619 | Lair:3   | Noticed a death yak
 19012 | Lair:2   | Killed a death yak
 19238 | Lair:2   | Killed a death yak
 19290 | Lair:2   | Killed a death yak
 19291 | Lair:2   | Reached skill level 15 in Hexes
 19905 | Lair:4   | Reached skill level 13 in Stealth
 20031 | Lair:4   | Noticed Rupert
 20253 | Orc:1    | Entered Level 1 of the Orcish Mines
 20253 | Orc:1    | Noticed an orc high priest
 20259 | Orc:1    | Noticed an orc high priest
 20259 | Orc:1    | Noticed an orc high priest
 20381 | D:10     | Killed an orc high priest
 20548 | D:9      | Killed an orc high priest
 20778 | D:10     | Reached XP level 13. HP: 88/95 MP: 17/23
 20783 | D:10     | Reached ***** piety under Dithmenos
 21780 | Orc:2    | Entered Level 2 of the Orcish Mines
 21795 | Orc:2    | Found a staircase to the Elven Halls.
 21810 | Orc:2    | Found a frozen archway.
 21831 | IceCv    | Entered an ice cave
 22345 | Lair:4   | Identified the +0 robe of the Lonely Lovers {Rampage rPois}
 22911 | Lair:5   | Reached skill level 14 in Stealth
 23148 | Lair:5   | Noticed Sonja
 23151 | Lair:5   | Killed Sonja
 23238 | Lair:5   | Found a staircase to the Slime Pits.
 23239 | Lair:5   | Found a viscous altar of Jiyva.
 23434 | Lair:5   | Identified the +6 arbalest "Pamoipey" {elec, MP+9}
 23594 | Lair:5   | Reached skill level 10 in Short Blades
 23610 | Lair:5   | Reached skill level 5 in Necromancy
 23821 | Lair:6   | Entered Level 6 of the Lair of Beasts
 24837 | D:11     | Found Hakhen's Armour Emporium.
 25088 | D:12     | Found Hywu's Assorted Antiques.
 25183 | D:12     | Found a gate leading to a gauntlet.
 25188 | Gauntlet | Entered a Gauntlet
 25188 | Gauntlet | Noticed a dire elephant
 25188 | Gauntlet | Found a transporter.
 25188 | Gauntlet | Found a transporter.
 25188 | Gauntlet | Found a transporter.
 25228 | Gauntlet | Found a transporter.
 25230 | Gauntlet | Found a large runed translucent door.
 25231 | Gauntlet | Found a large runed translucent door.
 25232 | Gauntlet | Found a large runed translucent door.
 25232 | Gauntlet | Found a large runed translucent door.
 25232 | Gauntlet | Found a runed translucent door.
 25232 | Gauntlet | Found a runed translucent door.
 25233 | Gauntlet | Found a large runed translucent door.
 25234 | Gauntlet | Found a large runed translucent door.
 25235 | Gauntlet | Found a large runed translucent door.
 25235 | Gauntlet | Found a large runed translucent door.
 25236 | Gauntlet | Found a runed translucent gate.
 25236 | Gauntlet | Found a runed translucent gate.
 25236 | Gauntlet | Found a runed translucent gate.
 25238 | Gauntlet | Found a transporter.
 25247 | Gauntlet | Found a large runed translucent door.
 25247 | Gauntlet | Found a large runed translucent door.
 25248 | Gauntlet | Found a large runed translucent door.
 25249 | Gauntlet | Found a large runed translucent door.
 25259 | Gauntlet | Found a transporter.
 25260 | Gauntlet | Found a large runed translucent door.
 25260 | Gauntlet | Found a large runed translucent door.
 25261 | Gauntlet | Found a large runed translucent door.
 25262 | Gauntlet | Found a large runed translucent door.
 25268 | Gauntlet | Found a transporter.
 25277 | Gauntlet | Found a transporter.
 25283 | Gauntlet | Found a transporter.
 25319 | Gauntlet | Found a transporter.
 25344 | Gauntlet | Found a transporter.
 25363 | Gauntlet | Found a transporter.
 25429 | Gauntlet | Killed a dire elephant
 25457 | Gauntlet | Reached skill level 15 in Stealth
 25597 | Gauntlet | Reached XP level 14. HP: 86/103 MP: 18/25
 26128 | D:12     | Identified the +3 spear of Articulation {vorpal, Fragile
                  | +Blink rF+}
 26195 | D:12     | Bought a wand of iceblast (5) for 112 gold pieces
 26195 | D:12     | Bought a scroll of teleportation for 84 gold pieces
 27349 | D:13     | Reached skill level 16 in Stealth
 27833 | D:13     | Found a bloodstained altar of Trog.
 28043 | D:13     | Reached skill level 5 in Evocations
 28665 | Lair:6   | Got the Guide on Creative Ignition
 28672 | Lair:6   | Learned a level 5 spell: Summon Mana Viper
 30097 | Lair:6   | Reached XP level 15. HP: 111/111 MP: 23/27
 30137 | Lair:6   | Reached ****** piety under Dithmenos
 30138 | Lair:6   | Reached skill level 17 in Stealth
 30294 | Lair:6   | Reached skill level 1 in Shields
 30492 | D:6      | Killed Maggie
 30539 | D:6      | Found a burning altar of Makhleb.
 30718 | D:4      | Bought a scroll of identify for 50 gold pieces
 30718 | D:4      | Bought a scroll of identify for 50 gold pieces
 30718 | D:4      | Bought 3 scrolls of identify for 150 gold pieces
 32151 | D:14     | Learned a level 3 spell: Portal Projectile
 32742 | D:14     | Identified 2 scrolls of acquirement
 32753 | D:14     | Acquired 755 gold pieces
 32755 | D:14     | Acquired a +3 quick blade
 33213 | D:15     | Entered Level 15 of the Dungeon
 33732 | D:15     | Noticed an emperor scorpion
 33736 | D:15     | Found a staircase to the Depths.
 35083 | Orc:2    | Found Jusupyuni's Antique Weapon Shoppe.
 35083 | Orc:2    | Found Xecwo Kuasu's Antique Weapon Emporium.
 35084 | Orc:2    | Found Miac's Weapon Emporium.
 35088 | Orc:2    | Found Pauxt's Magic Scroll Shoppe.
 35092 | Orc:2    | Bought 2 scrolls of teleportation for 72 gold pieces
 35092 | Orc:2    | Bought a scroll of identify for 24 gold pieces
 35092 | Orc:2    | Bought a scroll of identify for 24 gold pieces
 35092 | Orc:2    | Bought a scroll of identify for 24 gold pieces
 35516 | Orc:2    | Noticed Donald
 35539 | Orc:2    | Killed Donald
 35698 | Orc:2    | Bought a scroll of enchant armour for 90 gold pieces
 35835 | Orc:2    | Found a staircase to the Elven Halls.
 35995 | Orc:2    | Found Jusupyuni's Antique Weapon Shoppe.
 35995 | Orc:2    | Found Xecwo Kuasu's Antique Weapon Emporium.
 35996 | Orc:2    | Found Miac's Weapon Emporium.
 35999 | Orc:2    | Found Pauxt's Magic Scroll Shoppe.
 36511 | Orc:2    | Learned a level 5 spell: Borgnjor's Vile Clutch
 36762 | D:13     | Found a gate to the Vaults.
 37262 | D:7      | Killed dvd2's ghost
 37270 | D:7      | Killed McKennaii's ghost
 37271 | D:7      | Reached skill level 18 in Stealth
 37278 | D:7      | Killed hitsuchi's ghost
 37279 | D:7      | Reached skill level 1 in Earth Magic
 37281 | D:7      | Killed Akaron's ghost
 37285 | D:7      | Killed bargaw's ghost
 37465 | Shoals:1 | Entered Level 1 of the Shoals
 38030 | Shoals:1 | Found Hanuir's Magic Scroll Shop.
 38110 | Shoals:1 | Found Qopleso's Visitors' Centre.
 38309 | Shoals:1 | Reached XP level 16. HP: 120/120 MP: 29/29
 38620 | Shoals:1 | Found Qopleso's Merfolk Weapons.
 38620 | Shoals:1 | Found Qopleso's Merfolk Armours.
 38620 | Shoals:1 | Found Qopleso's Merfolk Magic.
 38677 | Shoals:1 | Bought a wand of iceblast (2) for 108 gold pieces
 38687 | Shoals:1 | Bought a +0 quick blade for 210 gold pieces
 38764 | Spider:1 | Entered Level 1 of the Spider Nest
 38764 | Spider:1 | Noticed Asterion
 39180 | Shoals:2 | Noticed a kraken
 39192 | Shoals:2 | Killed a kraken
 39465 | Shoals:2 | Reached skill level 5 in Dodging
 40104 | Shoals:3 | Noticed Nikola
 40165 | Shoals:1 | Bought a scroll of magic mapping for 66 gold pieces
 40165 | Shoals:1 | Bought a scroll of magic mapping for 66 gold pieces
 40165 | Shoals:1 | Bought a scroll of blinking for 142 gold pieces
 40228 | Shoals:2 | Killed Nikola
 40331 | Shoals:3 | Noticed Ilsuiw
 41017 | D:15     | Reached skill level 10 in Fighting
 41083 | D:15     | Identified the +0 leather armour "Fisitiaq" {Rampage rPois
                  | rF- Int+9}
 41763 | D:15     | Found a staircase to the Depths.
 42157 | Elf:1    | Entered Level 1 of the Elven Halls
 43025 | Shoals:3 | Noticed Polyphemus
 43029 | Shoals:3 | Killed Polyphemus
 43400 | Shoals:3 | Killed Ilsuiw
 44073 | Spider:1 | Noticed an Executioner
 44313 | Shoals:4 | Entered Level 4 of the Shoals
 44315 | Shoals:4 | Noticed Louise
 44318 | Shoals:4 | Found Memareh's Self-Improvement Boutique.
 44321 | Shoals:4 | Killed Louise
 44462 | Shoals:4 | Found Teyttu's Armour Shop.
 44520 | Shoals:4 | Reached XP level 17. HP: 129/129 MP: 28/30
 44558 | Shoals:4 | Reached skill level 19 in Stealth
 44681 | Shoals:4 | Identified the +0 ring mail "Sogeshru" {Str+4}
 45170 | Shoals:4 | HP: 1/129 [snapping turtle (19)]
 45704 | Shoals:4 | Bought the +3 troll leather armour "Aviewune" {rElec Regen+
                  | Str+3 Slay+3} for 817 gold pieces
 45704 | Shoals:4 | Bought a +1 pair of boots of flying for 214 gold pieces
 45846 | Shoals:4 | Reached skill level 5 in Shields
 46731 | Shoals:4 | Found Teyttu's Armour Shop.
 46811 | Shoals:4 | Found Memareh's Self-Improvement Boutique.
 46879 | Shoals:4 | Reached skill level 1 in Armour
 46911 | Shoals:4 | Got a barnacled rune of Zot
 47215 | Vaults:1 | Entered Level 1 of the Vaults
 47748 | Lair:4   | Reached skill level 5 in Earth Magic
 48192 | Lair:4   | Killed Rupert
 50308 | Elf:1    | Found Pasibr Bacla's Antique Weapon Boutique.
 50490 | Elf:1    | Found Qolues's Book Boutique.
 50498 | Elf:1    | Found Kuczik's Jewellery Shoppe.
 50499 | Elf:1    | Found Vulooscha's Book Boutique.
 50513 | Elf:1    | Bought a book of Maledictions for 442 gold pieces
 50523 | Elf:1    | Learned a level 7 spell: Enfeeble
 51407 | Elf:2    | Found Jejoluasch's Antique Armour Emporium.
 51592 | Elf:1    | Found Pasibr Bacla's Antique Weapon Boutique.
 52869 | Elf:2    | Found a runed translucent gate.
 52869 | Elf:2    | Found a runed translucent gate.
 52869 | Elf:2    | Found a runed translucent gate.
 53018 | Elf:1    | Reached XP level 18. HP: 112/138 MP: 31/31
 53392 | Spider:1 | Killed Asterion
 53746 | Spider:1 | Identified the ring of Happiness {rF+ Str+6 Int+6 Slay+3}
 54592 | Spider:1 | Reached skill level 10 in Necromancy
 54879 | Spider:1 | Reached skill level 10 in Invocations
 55253 | Spider:2 | Noticed Kirke
 55732 | Spider:1 | Killed Kirke
 57112 | Spider:2 | Reached skill level 20 in Stealth
 59571 | Spider:4 | Entered Level 4 of the Spider Nest
 59736 | Spider:4 | Noticed Arachne
 59849 | Spider:4 | Noticed Taocaav's ghost (adept CeHu)
 59849 | Spider:4 | Found a runed translucent door.
 59849 | Spider:4 | Found a shimmering altar of Xom.
 60151 | Spider:4 | Noticed Bai Suzhen
 60209 | Spider:4 | Killed Bai Suzhen
 60536 | Spider:4 | Found the +0 staff of Battle
 61135 | Spider:3 | Reached skill level 10 in Spellcasting
 62037 | Spider:4 | Killed Arachne
 62038 | Spider:4 | Reached XP level 19. HP: 138/147 MP: 8/33
 63299 | Spider:4 | Identified the +4 quarterstaff of Learukku {flame, Int+4}
 63906 | Spider:4 | Got a gossamer rune of Zot
 64111 | Spider:4 | Found a runed translucent door.
 64112 | Spider:4 | Found a shimmering altar of Xom.
 64784 | Vaults:1 | Found Cosch's Distillery.
 64808 | Vaults:1 | Bought 2 potions of heal wounds for 190 gold pieces
 66339 | Vaults:2 | Noticed Mara
 66872 | Elf:3    | Entered Level 3 of the Elven Halls
 66872 | Elf:3    | Found Pyso's Assorted Antiques.
 67358 | Shoals:4 | Identified the ring of the Pariah {rPois rN++ Will+ rCorr
                  | Str+2}
 67850 | Shoals:4 | Found Teyttu's Armour Shop.
 68150 | Shoals:4 | Found Memareh's Self-Improvement Boutique.
 69035 | Elf:3    | Paralysed by an air elemental for 1 turns
 70238 | Elf:3    | Reached skill level 21 in Stealth
 70238 | Elf:3    | Found Pyso's Assorted Antiques.
 70635 | Elf:3    | Reached XP level 20. HP: 102/156 MP: 21/34
 70961 | Elf:3    | Found Pyso's Assorted Antiques.
 71338 | Elf:3    | Identified the +1 kite shield "Peeppiup" {Harm rCorr Str-4
                  | Dex+8}
 71438 | Elf:3    | Paralysed by an air elemental for 1 turns
 71441 | Elf:3    | Paralysed by an air elemental for 1 turns
 71467 | Elf:3    | Identified the +5 scimitar of Yesterday {vorpal, rPois
                  | Will+}
 71467 | Elf:3    | Identified the ring of Keplohir {rPois rF++ rN+++ Str-5
                  | Int-5}
 72306 | Elf:3    | Found Pyso's Assorted Antiques.
 72817 | Elf:3    | Found Pyso's Assorted Antiques.
 73584 | Elf:3    | Got Wizardry, Part Three
 73588 | Elf:3    | Got Edidduaw's Almanac of Transformation
 74008 | Shoals:4 | Bought a manual of Invocations for 1440 gold pieces
 74321 | Depths:1 | Entered Level 1 of the Depths
 74438 | Depths:1 | Found an opulent altar of Gozag.
 74456 | Depths:1 | Found a one-way gateway to a ziggurat.
 74505 | Depths:1 | Reached skill level 5 in Armour
 74707 | Depths:1 | Found Big Baal Hell's Store.
 74714 | Depths:1 | Found a gateway to Hell.
 76541 | Depths:2 | Found a one-way gate leading to the halls of Pandemonium.
 76573 | Depths:2 | Reached skill level 10 in Dodging
 77782 | Depths:3 | Reached skill level 10 in Evocations
 77871 | Depths:3 | Found a one-way gate to the infinite horrors of the Abyss.
 77872 | Depths:3 | Noticed a caustic shrike
 78447 | Vaults:2 | Reached XP level 21. HP: 128/165 MP: 25/36
 78803 | Vaults:2 | Killed Mara
 78879 | Vaults:2 | Found a staircase to the Crypt.
 78879 | Vaults:2 | Found a basalt altar of Yredelemnul.
 78880 | Vaults:2 | Found an ancient bone altar of Kikubaaqudgha.
 80316 | Vaults:3 | Reached skill level 22 in Stealth
 82107 | Vaults:4 | Found a flickering gateway to a bazaar.
 82121 | Bazaar   | Entered a bazaar
 82128 | Bazaar   | Found Zorutz's Antique Weapon Shoppe.
 82133 | Bazaar   | Found Bikyutre's Antique Weapon Emporium.
 82145 | Bazaar   | Found Foit's Antique Armour Shoppe.
 82150 | Bazaar   | Found Lakupp's Antique Armour Emporium.
 82233 | Bazaar   | Bought the +3 pair of seven-league boots {Rampage+∞} for
                  | 640 gold pieces
 82233 | Bazaar   | Found the +3 pair of seven-league boots {Rampage+∞}
 82272 | Bazaar   | Bought a pair of brightly glowing gloves for 190 gold
                  | pieces
 82272 | Bazaar   | Identified the +2 pair of gloves "Unetwonofe" {*Slow rF+
                  | rN+ Dex+4} (You bought it in a shop in a bazaar)
 84025 | Vaults:4 | Reached XP level 22. HP: 145/174 MP: 30/37
 84439 | Depths:3 | Found a shimmering blue altar of Sif Muna.
 84439 | Depths:3 | Found a sparkling altar of Nemelex Xobeh.
 84445 | Depths:3 | Noticed a caustic shrike
 84445 | Depths:3 | Noticed a caustic shrike
 84448 | Depths:3 | Noticed a caustic shrike
 84456 | Depths:3 | Killed a caustic shrike
 84960 | Crypt:1  | Entered Level 1 of the Crypt
 85058 | Crypt:1  | Reached skill level 15 in Fighting
 85386 | Crypt:1  | Found a magical portal.
 85402 | WizLab   | Entered Alistair's Party Mansion
 85898 | WizLab   | Got the Collected Works on Toxins and Transmigration
 85969 | WizLab   | Got Sif Muna's Disquisition on Mutagenic Toxins
 86558 | Crypt:1  | Acquired 1148 gold pieces
 87812 | Crypt:2  | Reached skill level 10 in Earth Magic
 88585 | Crypt:2  | Found a runed translucent gate.
 88585 | Crypt:2  | Found a runed translucent gate.
 88585 | Crypt:2  | Found a runed translucent gate.
 88590 | Crypt:2  | Noticed Heot Zafel's ghost (veteran MiGl)
 88594 | Crypt:2  | Found an iron altar of Okawaru.
 89123 | Shoals:4 | Bought a manual of Stealth for 1440 gold pieces
 89491 | Crypt:3  | Entered Level 3 of the Crypt
 90368 | Crypt:3  | Reached skill level 23 in Stealth
 90980 | Crypt:3  | Found a staircase to the Tomb.
 91385 | Crypt:3  | Found the +8 Vampire's Tooth {vamp}
 91493 | Crypt:3  | Reached XP level 23. HP: 183/183 MP: 39/39
 92118 | Crypt:3  | Identified the +2 pair of gloves of the Valley {Drain rN++
                  | Str+3}
 92564 | Slime:1  | Entered Level 1 of the Pits of Slime
 93166 | Slime:4  | Gained mutation: You are weak. (Str -2) [a shining eye]
 93504 | Slime:5  | Entered Level 5 of the Pits of Slime
 93570 | Slime:5  | Reached skill level 10 in Shields
 93816 | Slime:4  | HP: 8/176 [acid blob/splash of acid (8)]
 94284 | Vaults:5 | Entered Level 5 of the Vaults
 94383 | Vaults:5 | Found Ziloowa's Weapon Shoppe.
 94383 | Vaults:5 | Noticed a dread lich
 94521 | Vaults:5 | Noticed a dread lich
 94580 | Vaults:5 | Identified the +5 falchion "Uwopnojo" {protect, +Blink rN+
                  | SInv}
 94605 | Vaults:5 | Identified the +8 glaive "Vekah" {chaos, Drain rC+ Will+
                  | Str+9}
 94676 | Vaults:5 | Identified the +10 dagger "Diclisch" {venom, rElec SInv}
 94733 | Vaults:5 | Identified the ring "Ulaxt" {rC- Int+5 Dex+6}
 94799 | Vaults:5 | Reached skill level 24 in Stealth
 94940 | Vaults:5 | Learned a level 8 spell: Discord
 94945 | Vaults:5 | Learned a level 4 spell: Anguish
 95360 | Vaults:5 | Noticed a dread lich
 95381 | Vaults:5 | Killed a dread lich
 95702 | Vaults:5 | Killed a dread lich
 96371 | Vaults:5 | Identified the +1 scale mail "Jesein" {rC+ rN+}
 96622 | Vaults:5 | Reached skill level 15 in Invocations
 96775 | Vaults:5 | Reached XP level 24. HP: 191/193 MP: 27/39
 97092 | Vaults:5 | Got the Handbook of Confrontation
 97345 | Vaults:5 | Got a silver rune of Zot
 97348 | Vaults:5 | Got Xaypuer's Catalogue of Moulding and Arcane Weapons
 97499 | Vaults:3 | Killed a dread lich
 98077 | D:14     | Noticed Azrael
 98095 | D:14     | Killed Azrael
 99177 | Depths:3 | Reached skill level 25 in Stealth
 99448 | Depths:3 | Found a shadowy altar of Dithmenos.
100144 | Depths:3 | Noticed a juggernaut
101721 | Depths:2 | Noticed Saint Roka
101728 | Depths:2 | Killed Saint Roka
102079 | Depths:2 | Found an ancient bone altar of Kikubaaqudgha.
102208 | Depths:2 | Found Jaruaguzafo's General Store.
102255 | Depths:2 | Found an iron altar of Okawaru.
102286 | Depths:2 | Found Hoijoown's Miraculous Elixirs.
102348 | Depths:2 | Found The Legendary Painnisu's Legendary Smithy.
102413 | Depths:2 | Bought a scroll of brand weapon for 300 gold pieces
102413 | Depths:2 | Bought a potion of mutation for 120 gold pieces
102554 | Depths:3 | Reached XP level 25. HP: 202/202 MP: 24/40
102575 | Depths:3 | Killed a juggernaut
102763 | Depths:3 | Reached skill level 26 in Stealth
102880 | Depths:3 | Acquired 278 gold pieces
102910 | Depths:3 | Identified the +1 ring mail of Quantum Leap {rElec}
103045 | Depths:3 | Found a sparkling altar of Nemelex Xobeh.
103045 | Depths:3 | Found a shimmering blue altar of Sif Muna.
103052 | Depths:3 | Found a shadowy altar of Dithmenos.
103205 | Depths:3 | Found a one-way gate to the infinite horrors of the Abyss.
103590 | Depths:4 | Entered Level 4 of the Depths
103644 | Depths:4 | Found a transporter.
103653 | Depths:4 | Noticed a dread lich
103654 | Depths:4 | Noticed Plog's ghost (adept DgCj)
103712 | Depths:4 | Found a transporter.
103735 | Depths:4 | Noticed an ancient lich
103742 | Depths:4 | Noticed a juggernaut
103782 | Depths:4 | Killed a juggernaut
104407 | Depths:4 | Found a gate to the Realm of Zot.
105717 | Depths:4 | Found a transporter.
105778 | Depths:4 | Identified the +5 glaive "Hydrabane" {holy, rPois}
105982 | Depths:4 | Found a gate to the Realm of Zot.
106553 | Tomb:1   | Entered Level 1 of the Tomb of the Ancients
107343 | Tomb:1   | Noticed a royal mummy
107359 | Tomb:1   | Killed a royal mummy
107523 | Tomb:1   | Noticed a royal mummy
107718 | Tomb:1   | Killed a royal mummy
107796 | Tomb:1   | Noticed a royal mummy
107797 | Tomb:1   | Killed a royal mummy
107964 | Tomb:1   | Noticed a royal mummy
107971 | Tomb:1   | Noticed a royal mummy
107972 | Tomb:1   | Noticed a royal mummy
107973 | Tomb:1   | Noticed a royal mummy
107980 | Tomb:1   | Noticed a royal mummy
107982 | Tomb:1   | Killed a royal mummy
107985 | Tomb:1   | Noticed a royal mummy
107991 | Tomb:1   | Noticed a royal mummy
108595 | Depths:3 | Voluntarily entered the Abyss.
108964 | Abyss:4  | Found a corrupted altar of Lugonu.
109015 | Abyss:4  | Gained mutation: You have hidden genetic defects. [a
                  | neqoxec]
109017 | Abyss:4  | Gained mutation: You are dopey. (Int -2) [a neqoxec]
109020 | Abyss:4  | Lost mutation: You have hidden genetic defects. [potion of
                  | mutation]
109020 | Abyss:4  | Lost mutation: You are dopey. (Int -2) [potion of mutation]
109020 | Abyss:4  | Lost mutation: You are weak. (Str -2) [potion of mutation]
109020 | Abyss:4  | Gained mutation: Your flesh is cold resistant. (rC+)
                  | [potion of mutation]
109132 | Abyss:4  | Gained mutation: You are clumsy. (Dex -2) [a neqoxec]
109827 | Abyss:4  | Found a transporter.
110042 | Abyss:4  | Found a transporter.
110042 | Abyss:4  | Found a shadowy altar of Dithmenos.
110046 | Depths:3 | Escaped the Abyss
110258 | Zot:1    | Entered Level 1 of the Realm of Zot
110259 | Zot:1    | You fall into a shaft and drop 1 floor!
110259 | Zot:2    | Found a huge runed gate.
110259 | Zot:2    | Found a huge runed gate.
110259 | Zot:2    | Found a huge runed gate.
110259 | Zot:2    | Found a huge runed gate.
110259 | Zot:2    | Found a huge runed gate.
110259 | Zot:2    | Found a huge runed gate.
110259 | Zot:2    | Found a huge runed gate.
110259 | Zot:2    | Found a huge runed gate.
110259 | Zot:2    | Found a huge runed gate.
110262 | Zot:2    | Found a huge runed gate.
110262 | Zot:2    | Found a huge runed gate.
110262 | Zot:2    | Found a huge runed gate.
110262 | Zot:2    | Found a huge runed gate.
110264 | Zot:2    | Found a huge runed gate.
110265 | Zot:2    | Found a huge runed gate.
110266 | Zot:2    | Found a huge runed gate.
110267 | Zot:2    | Found a huge runed gate.
110273 | Zot:2    | Found a huge runed gate.
110301 | Zot:2    | Found a huge runed gate.
110301 | Zot:2    | Found a huge runed gate.
110301 | Zot:2    | Found a huge runed gate.
110302 | Zot:2    | Found a huge runed gate.
110554 | Zot:1    | Noticed an orb of fire
110556 | Zot:1    | Killed an orb of fire
110570 | Zot:1    | Found the +7 Singing Sword {vorpal, sonic wave}
111102 | Zot:1    | Reached skill level 27 in Stealth
111349 | Zot:1    | Identified the +5 flail "Demonbane" {flame, Fly rPois
                  | Int+2}
111811 | Zot:2    | Reached XP level 26. HP: 173/211 MP: 21/40
111926 | Zot:2    | Found a huge runed gate.
111926 | Zot:2    | Found a huge runed gate.
111926 | Zot:2    | Found a huge runed gate.
111926 | Zot:2    | Found a huge runed gate.
111927 | Zot:2    | Found a huge runed gate.
111935 | Zot:2    | Found a huge runed gate.
111935 | Zot:2    | Found a huge runed gate.
111935 | Zot:2    | Found a huge runed gate.
111935 | Zot:2    | Found a huge runed gate.
111935 | Zot:2    | Found a huge runed gate.
111935 | Zot:2    | Found a huge runed gate.
111935 | Zot:2    | Found a huge runed gate.
111936 | Zot:2    | Found a huge runed gate.
111937 | Zot:2    | Found a huge runed gate.
111977 | Zot:2    | Reached skill level 10 in Armour
112781 | Zot:3    | Found Cota's Changing Room.
112812 | Zot:3    | Bought a potion of mutation for 200 gold pieces
113556 | Zot:3    | Reached skill level 10 in Summonings
113826 | Zot:3    | Found Cota's Changing Room.
116677 | Slime:5  | Found a viscous altar of Jiyva.
116679 | Slime:5  | Noticed the Royal Jelly
116777 | Slime:5  | Killed the Royal Jelly
117292 | Slime:5  | Got a slimy rune of Zot
117302 | Slime:5  | Identified the ring of Asmuollo {rC++ rN+ Int-3}
117306 | Slime:5  | Identified the +0 helmet "Huimion" {rC+ Will+}
117372 | Slime:5  | Identified the +9 trident of Descent {pain, *Noise Str+5}
117393 | Slime:5  | Got the Almanac of the Monkey's Uncle
118173 | Elf:1    | Found Qolues's Book Boutique.
118175 | Elf:1    | Found Kuczik's Jewellery Shoppe.
118176 | Elf:1    | Found Vulooscha's Book Boutique.
118187 | Elf:1    | Bought a Grand Grimoire for 476 gold pieces
118960 | Depths:3 | Voluntarily entered the Abyss.
118960 | Abyss:1  | Found a corrupted altar of Lugonu.
119364 | Depths:3 | Escaped the Abyss
119423 | Depths:3 | Voluntarily entered the Abyss.
120368 | Abyss:3  | Paralysed by a floating eye for 4 turns
120379 | Abyss:3  | Paralysed by a floating eye for 2 turns
120819 | Abyss:4  | Found a corrupted altar of Lugonu.
120829 | Abyss:5  | Entered Level 5 of the Abyss
121229 | Depths:3 | Escaped the Abyss
121271 | Depths:3 | Lost mutation: Your flesh is cold resistant. (rC+) [potion
                  | of mutation]
121271 | Depths:3 | Lost mutation: You are clumsy. (Dex -2) [potion of
                  | mutation]
121273 | Depths:3 | Voluntarily entered the Abyss.
121273 | Abyss:1  | Found a corrupted altar of Lugonu.
121559 | Abyss:1  | Paralysed by accursed screaming for 1 turns
121563 | Abyss:1  | Paralysed by accursed screaming for 1 turns
121883 | Abyss:2  | Found a corrupted altar of Lugonu.
121965 | Abyss:2  | Found a corrupted altar of Lugonu.
122277 | Abyss:3  | Found a corrupted altar of Lugonu.
122600 | Abyss:3  | Paralysed by accursed screaming for 1 turns
122699 | Abyss:3  | Reached XP level 27. HP: 223/223 MP: 9/41
122699 | Abyss:3  | Got an abyssal rune of Zot
122715 | Depths:3 | Escaped the Abyss
122899 | Zig:1    | Entered Level 1 of a ziggurat
122901 | Zig:1    | Identified the +0 buckler of Dust Devil {rF+ rN+++ rCorr
                  | Dex-5}
122910 | Zig:2    | Entered Level 2 of a ziggurat
122927 | Zig:2    | Identified the +0 scale mail of the Moon {rC+++ Int-5
                  | Dex+5}
122951 | Zig:3    | Entered Level 3 of a ziggurat
122969 | Zig:4    | Entered Level 4 of a ziggurat
123070 | Zig:4    | Identified the +12 great sword "Ycingis" {venom, rN+ Str+4}
123083 | Zig:5    | Entered Level 5 of a ziggurat
123119 | Zig:6    | Entered Level 6 of a ziggurat
123120 | Zig:6    | Noticed an ancient lich
123122 | Zig:6    | Killed an ancient lich
123229 | Zig:7    | Entered Level 7 of a ziggurat
123234 | Zig:7    | Noticed Turchat the pandemonium lord
123236 | Zig:7    | Killed Turchat the pandemonium lord
123240 | Zig:7    | Reached skill level 15 in Dodging
123268 | Zig:8    | Entered Level 8 of a ziggurat
123450 | Zig:8    | Identified the ring "Abbil" {rC+ Int+6}
123451 | Zig:8    | Identified the +8 dagger "Yfagedgh" {vorpal, Will+ MP+9}
123455 | Zig:8    | Got the Handbook of the Oath
123467 | Zig:9    | Entered Level 9 of a ziggurat
123498 | Zig:9    | Reached skill level 15 in Shields
123514 | Zig:9    | Found the necklace of Bloodlust {*Rage Will++ Int-3 Slay+6}
123650 | Zig:10   | Entered Level 10 of a ziggurat
123657 | Zig:10   | Noticed a juggernaut
123682 | Zig:10   | Killed a juggernaut
123798 | Zig:10   | Identified the +0 pair of gloves "Guagy" {Dex+2}
123802 | Zig:10   | Identified the +0 chain mail of the Blessed Realm {rPois
                  | rC+ Slay+3}
123825 | Zig:10   | Learned a level 6 spell: Summon Cactus Giant
123827 | Zig:11   | Entered Level 11 of a ziggurat
123836 | Zig:11   | Noticed Ficzeq Zowi the pandemonium lord
123836 | Zig:11   | Noticed Iwiaxe the pandemonium lord
123853 | Zig:11   | Killed Ficzeq Zowi the pandemonium lord
123855 | Zig:11   | Killed Iwiaxe the pandemonium lord
123989 | Zig:12   | Entered Level 12 of a ziggurat
124011 | Zig:12   | Reached skill level 15 in Spellcasting
124066 | Zig:12   | Identified the +6 hand crossbow "Assu" {elec, rF+}
124187 | Zig:13   | Entered Level 13 of a ziggurat
124205 | Zig:13   | Noticed an orb of fire
124224 | Zig:13   | Killed an orb of fire
124375 | Zig:13   | Got the Tome of Freezing Air
124416 | Zig:13   | Acquired 699 gold pieces
124418 | Zig:13   | Identified the +1 scale mail "Bothruypp" {rF+ rC+ Str+6}
124459 | Zig:14   | Entered Level 14 of a ziggurat
124479 | Zig:14   | Paralysed by an air elemental for 1 turns
124486 | Zig:14   | Paralysed by an air elemental for 1 turns
124494 | Zig:14   | Paralysed by an air elemental for 1 turns
124874 | Hell     | Entered the Vestibule of Hell
124874 | Hell     | Noticed Geryon
124923 | Hell     | Killed Geryon
125137 | Depths:1 | Bought 10 potions of might for 2640 gold pieces
125370 | Zot:5    | Entered Level 5 of the Realm of Zot
126151 | Zot:2    | Noticed an ancient lich
126151 | Zot:2    | Noticed a dread lich
126802 | Zot:2    | Killed an ancient lich
127096 | Zot:2    | Killed a dread lich
128093 | Depths:4 | Killed Plog's ghost
128138 | Depths:4 | Killed a dread lich
128150 | Depths:4 | Killed an ancient lich
129041 | Crypt:1  | Killed Heot Zafel's ghost
129475 | Crypt:2  | Found an iron altar of Okawaru.
130060 | Crypt:2  | Found an iron altar of Okawaru.
130373 | Crypt:2  | Identified the +2 mace "Huroasee" {vorpal, rCorr}
131439 | Hell     | Found a gateway to the ashen valley of Gehenna.
131704 | Hell     | Found a gateway to the decaying netherworld of Tartarus.
131779 | Hell     | Found a gateway to the freezing wastes of Cocytus.
131899 | Hell     | Found a gateway to the Iron City of Dis.
132275 | Zot:5    | Noticed an orb of fire
132276 | Zot:5    | Noticed an orb of fire
132281 | Zot:5    | Noticed a dread lich
132283 | Zot:5    | Noticed an orb of fire
132284 | Zot:5    | Noticed a dread lich
132287 | Zot:5    | Reached skill level 15 in Summonings
132289 | Zot:5    | Noticed a dread lich
132290 | Zot:5    | Killed an orb of fire
132291 | Zot:5    | Noticed a dread lich
132296 | Zot:5    | Killed a dread lich
132414 | Zot:5    | Gained mutation: Armour fits poorly on your strangely
                  | shaped body. [an orb of fire]
132427 | Zot:5    | Killed an orb of fire
132577 | Zot:5    | Noticed an ancient lich
132583 | Zot:5    | Noticed a dread lich
132585 | Zot:5    | Noticed an ancient lich
132816 | Zot:5    | Killed a dread lich
133362 | Zot:5    | Killed an ancient lich
133369 | Zot:5    | Killed an ancient lich
135742 | Zot:5    | Killed a dread lich
136025 | Zot:5    | Gained mutation: You are frail. (-10% HP) [mutagenic glow]
136051 | Zot:5    | Gained mutation: Your magical capacity is low. (-10% MP)
                  | [mutagenic glow]
136085 | Zot:5    | Gained mutation: Your body sometimes deteriorates upon
                  | taking damage. [mutagenic glow]
136096 | Zot:5    | Lost mutation: Your magical capacity is low. (-10% MP)
                  | [mutagenic glow]
136112 | Zot:5    | Gained mutation: You are very frail. (-20% HP) [mutagenic
                  | glow]
136190 | Zot:5    | Lost mutation: Your body sometimes deteriorates upon taking
                  | damage. [potion of mutation]
136190 | Zot:5    | Lost mutation: Armour fits poorly on your strangely shaped
                  | body. [potion of mutation]
136190 | Zot:5    | Lost mutation: You are very frail. (-20% HP) [potion of
                  | mutation]
136190 | Zot:5    | Gained mutation: You have hidden genetic defects. [potion
                  | of mutation]
136190 | Zot:5    | Gained mutation: You are partially covered in iridescent
                  | scales. (AC +2) [potion of mutation]
136190 | Zot:5    | Gained mutation: You occasionally shout uncontrollably at
                  | your foes. [potion of mutation]
136190 | Zot:5    | Lost mutation: You are frail. (-10% HP) [potion of
                  | mutation]
136328 | Zot:5    | Gained mutation: Your body sometimes deteriorates upon
                  | taking damage. [an orb of fire]
136573 | Zot:5    | Gained mutation: You are dopey. (Int -2) [an orb of fire]
136574 | Zot:5    | Gained mutation: You have terrible hidden genetic defects.
                  | [an orb of fire]
136583 | Zot:5    | Gained mutation: You are very dopey. (Int -4) [an orb of
                  | fire]
136595 | Zot:5    | Gained mutation: You are frail. (-10% HP) [an orb of fire]
136605 | Zot:5    | Killed an orb of fire
136606 | Zot:5    | Reached skill level 15 in Evocations
136651 | Zot:5    | Lost mutation: You are frail. (-10% HP) [potion of
                  | mutation]
136651 | Zot:5    | Lost mutation: You are very dopey. (Int -4) [potion of
                  | mutation]
136651 | Zot:5    | Gained mutation: Your spells are a little easier to cast,
                  | but a little less powerful. [potion of mutation]
136652 | Zot:5    | Lost mutation: You are dopey. (Int -2) [potion of mutation]
136652 | Zot:5    | Lost mutation: Your body sometimes deteriorates upon taking
                  | damage. [potion of mutation]
136652 | Zot:5    | Lost mutation: Your spells are a little easier to cast, but
                  | a little less powerful. [potion of mutation]
136652 | Zot:5    | Gained mutation: You expend magic power (3 MP) to
                  | strengthen your wands. [potion of mutation]
136652 | Zot:5    | Gained mutation: You have large cloven feet. [potion of
                  | mutation]
136678 | Zot:5    | Got the Orb of Zot
136758 | Zot:4    | Noticed Ziqobb the pandemonium lord
137101 | D:14     | Noticed Xieddek the pandemonium lord
137297 | D:6      | Noticed Vemiaw the pandemonium lord
137325 | D:5      | Noticed Ossop the pandemonium lord
137435 | D:$      | Escaped with the Orb!

Illustrated notes

Levels and vault maps discovered:
D:1:      minmay_arrival_four_loops, layout_basic, serial_shops, shop,
          dreamdust_ecumenical_altar_grove
D:2:      minmay_general_purpose_star, layout_rooms, uniq_jessica, uniq_terence
D:3:      layout_basic, mainiacjoe_overflow_chevrons, uniq_crazy_yiuf_cottage,
          uniq_grinder
D:4:      layout_basic, minmay_temple_entry_statues_pillars, serial_shops, shop,
          nicolae_shop_trees, corexii_item_surrounded_by_moat, uniq_edmund,
          uniq_natasha
D:5:      layout_loops_ring, marbit_many_paths
D:6:      layout_rooms, lightli_temple_of_fire, jmf_multi_god_temple,
          evilmike_ruin_ashenzari, cheibrodos_sewer_entry_drain, uniq_maggie
D:7:      layout_rooms, chequers_temple_overflow_statue_of_worship,
          mainiacjoe_overflow_alcove_2, nicolae_hepliaklqana_monster_ancestors,
          gammafunk_ghost_cemetery
D:8:      minmay_inner_zag, layout_loops_cross, minmay_lair_entry_grove,
          uniq_maurice, uniq_erica
D:9:      layout_roguey, uniq_erolcha
D:10:     layout_long_grid, mainiacjoe_overflow_paths, david_orc_4
D:11:     layout_roguey, serial_curves, eino_curves_03, eino_curves_03,
          serial_shops, shop, kennysheep_cluttered_room
D:12:     layout_roguey, serial_shops, nicolae_diamond_shop,
          gauntlet_entry_generic
D:13:     layout_irregular_city, grunt_vaults_entry_tiered,
          minmay_misc_feat_more_columns, trog_butcher_becter
D:14:     layout_gridville, chequers_serial_rivers_micro_d, uniq_azrael
D:15:     hangedman_depths_entry_try_elsewhere_first, layout_basic,
          chequers_serial_rivers_micro_a
Temple:   dpeg_chambers_temple
Lair:1:   layout_concentric_octagons, nicolae_volcano_entry_hallway,
          grunt_megastairs_4
Lair:2:   layout_gridlike, dummy_spider_entry, uniq_nergalle
Lair:3:   layout_roguey, minmay_shoals_entry_centaurs, uniq_urug
Lair:4:   layout_small_grid, minivault_11, uniq_rupert
Lair:5:   layout_cave_pods, slime_altar_1, chequers_serial_rivers_micro_c,
          uniq_sonja
Lair:6:   minmay_lair_end_enchanted_forest, layout_cave_shapes
Shoals:1: nicolae_shoals_mermall, layout_shoals, serial_shops,
          nicolae_take_the_stairs, nicolae_shoals_lost_giant_baths
Shoals:2: layout_shoals
Shoals:3: layout_shoals, uniq_polyphemus, uniq_ilsuiw, uniq_nikola
Shoals:4: shoals_end_simple, layout_shoals, serial_shops, shop,
          nicolae_shop_self_help, uniq_louise
Spider:1: layout_spider_delve, uniq_asterion
Spider:2: layout_spider_delve, uniq_kirke
Spider:3: layout_spider_delve, nicolae_spider_not_touching_you
Spider:4: grunt_spider_rune_circles, ebering_ghost_xom, uniq_arachne,
          uniq_bai_suzhen
Slime:1:  layout_caves
Slime:2:  layout_caves
Slime:3:  layout_caves
Slime:4:  layout_caves
Slime:5
Orc:1:    layout_caves, kennysheep_orc_chapel
Orc:2:    st_orc_mages, layout_caves, portal_ice_cave_demonic_guard,
          statue_in_the_mist_lemuel, mines3_lemuel, uniq_donald
Elf:1:    elf_arrival_001, layout_geoelf_grid, serial_shops,
          nicolae_diamond_shop, hangedman_corner_corridor, minmay_shop_grove
Elf:2:    elven_hall_of_blades_hangedman_original [nooodl_blade_entry_preview],
          layout_gridlike, serial_shops, shop
Elf:3:    minmay_elf_hall_dome, layout_geoelf_diagonals, serial_shops,
          shop_statue
Vaults:1: ontoclasm_vaults_bender, v_misc_15, nicolae_vaults_circle_grid_a,
          vaults_room_hallway, nicolae_vaults_alarming, v_misc_2,
          layout_vaults_quadrants, serial_glass, serial_shops,
          nicolae_shop_advertising_works [nicolae_subvault_shop_adworks]
Vaults:2: hangedman_vaults_pinch, st_spiral_rooms, v_rooms_6,
          minmay_crypt_entry_necro_gods, v_alt_pattern_5, v_misc_14,
          ontoclasm_vaults_fault, ontoclasm_vaults_ring_square, v_misc_24,
          v_misc_4, vaults_room_pool, v_misc_15, ontoclasm_vaults_chip,
          grunt_vaults_hallway_short, layout_vaults_omnibox, uniq_mara
Vaults:3: v_misc_5, ontoclasm_vaults_ring_large,
          ontoclasm_vaults_claustrophobia, vaults_mumra_minichess,
          grunt_vaults_hallway_long, nicolae_vaults_little_squares_2,
          layout_vaults_big_cross
Vaults:4: nicolae_vaults_diagonal_hallway_8, v_rooms_1,
          ontoclasm_vaults_ligature, v_misc_26, v_misc_22,
          vaults_room_stairs_pillars, hangedman_vaults_snaps,
          vaults_mumra_chevron, nicolae_vaults_specimen_jars, vaults_dpeg_cross,
          ontoclasm_vaults_decontamination, nicolae_vaults_what_the_h,
          nicolae_vaults_circle_grid_a, ontoclasm_vaults_hangar, v_misc_1,
          ontoclasm_vaults_shuriken, layout_vaults_maze, serial_shops,
          bzr_entry_road
Vaults:5
Crypt:1:  layout_misc_corridors, mu_enter_wizlab_3
Crypt:2:  layout_chaotic_city, gammafunk_ghost_fury_of_okawaru,
          eino_tiny_chamber, uniq_margery
Crypt:3:  due_elkab, layout_chaotic_city, grunt_ministairs_7
Tomb:1
Depths:1: layout_cave_shapes, enter_ziggurat_e, nicolae_gozag_seed_capital,
          nicolae_hell_entry_big_baal_hell, grunt_tough_drop,
          serial_bayou_shore_b, grunt_megastairs_3
Depths:2: grated_community_mu [grated_community_mu_vampire_home,
          grated_community_mu_giant_home, grated_community_mu_spellcaster_home,
          grated_community_mu_orcish_home, grated_community_mu_troll_home,
          grated_community_mu_taur_home, grated_community_mu_unbuilt_plot],
          layout_cross, grunt_pan_entry_sceptre, infiniplex_staircase_zigzag_4,
          hell_entry, uniq_saint_roka
Depths:3: hangedman_slaughterboxes, hell_entry, abyss_entry
Depths:4: evilmike_zot_entry_basic, layout_basic,
          gammafunk_ghost_abyssal_escape, minmay_misc_feat_tiny,
          abyss_entry_glasseish, grunt_hell_entry_dis_mu
Hell
Zot:1:    layout_gridlike
Zot:2:    layout_twisted_circle, door_vault
Zot:3:    layout_onion_interference, hangedman_zot_decor_checkerboard,
          nicolae_transmutations_shop, grunt_megastairs_2
Zot:4:    layout_misc_corridors
Zot:5:    layout_misc_corridors, bh_zot_lava_cross, grunt_ministairs_5

Skill      XL: |  1  2  3  4  5  6  7  8  9 10 11 12 13 14 15 16 17 18 19 20 21 22 23 24 25 26 27 |
---------------+----------------------------------------------------------------------------------+-----
Fighting       | 1 2 3 4 5 6 7 8 9 10 11 12 13 14 15 16 17 18 19 21 | 21.8
Short Blades   | 2 3 4 5 6 7 9 10 | 10.0
Hexes          | 5 6 7 8 9 11 12 14 15 16 18 19 20 21 22 23 24 25 26 | 26.6
Stealth        | 5 6 7 8 9 10 11 13 15 16 18 19 20 21 22 23 24 25 27 | 27.0
Invocations    | 1 2 3 4 5 6 7 8 9 10 11 12 14 15 16 17 | 17.5
Spellcasting   | 3 4 5 6 7 8 9 10 11 12 13 14 16 | 16.7
Summonings     | 1 2 3 4 5 6 7 8 9 10 15 | 15.9
Ice Magic      | 1 3 4 5 |  5.0
Necromancy     | 2 3 5 6 7 9 10 11 12 | 12.7
Evocations     | 1 2 4 5 6 7 8 9 10 11 12 13 15 | 15.0
Shields        | 3 4 5 6 7 8 9 10 11 12 13 16 | 16.4
Dodging        | 4 6 7 8 9 10 11 12 13 14 16 | 16.5
Earth Magic    | 1 4 5 6 7 8 9 10 | 10.4
Armour         | 2 3 4 5 6 7 8 9 10 11 | 11.1

Action                   |  1- 3 |  4- 6 |  7- 9 | 10-12 | 13-15 | 16-18 | 19-21 | 22-24 | 25-27 || total
-------------------------+-------+-------+-------+-------+-------+-------+-------+-------+-------++-------
Melee: Dagger            |   162 |   343 |   549 |   823 |  1046 |       |       |       |       ||  2923
       Bite              |    12 |    43 |    88 |   140 |   285 |   254 |   358 |   681 |  1090 ||  2951
       Punch             |     3 |     5 |    13 |    25 |    21 |       |       |       |       ||    67
       Unarmed           |       |       |     4 |       |       |       |       |       |       ||     4
       Quick blade       |       |       |       |       |   509 |  1692 |  1789 |  2932 |  4453 || 11375
Throw: Dart              |     2 |     3 |       |     1 |     1 |       |       |       |       ||     7
       Throwing net      |       |       |       |       |       |       |       |       |     2 ||     2
 Cast: Tukima's Dance    |       |     6 |    17 |    36 |   114 |    36 |    34 |    62 |    26 ||   331
       Confusing Touch   |       |     4 |    53 |   120 |   259 |   155 |    26 |    28 |       ||   645
       Summon Guardian G |       |       |     1 |       |    12 |     7 |     1 |     5 |       ||    26
       Ensorcelled Hiber |       |       |       |     3 |     9 |     5 |       |       |       ||    17
       Summon Mana Viper |       |       |       |       |     3 |    19 |     3 |    36 |    36 ||    97
       Portal Projectile |       |       |       |       |     3 |       |       |       |       ||     3
       Enfeeble          |       |       |       |       |       |   194 |   217 |   134 |   166 ||   711
       Borgnjor's Vile C |       |       |       |       |       |       |     2 |    84 |    89 ||   175
       Anguish           |       |       |       |       |       |       |       |    17 |     4 ||    21
       Discord           |       |       |       |       |       |       |       |     3 |    46 ||    49
       Summon Cactus Gia |       |       |       |       |       |       |       |       |    12 ||    12
Invok: Shadow Step       |       |       |       |     4 |     9 |     7 |     1 |     1 |     8 ||    30
       Shadow Form       |       |       |       |       |       |     1 |       |     3 |       ||     4
 Abil: Exsanguinate      |       |       |       |       |       |       |       |       |     1 ||     1
       Revivify          |       |       |       |       |       |       |       |       |     1 ||     1
Evoke: Wand              |       |       |       |       |     5 |    11 |     2 |     8 |    17 ||    43
       Tin of tremorston |       |       |       |       |       |     5 |       |       |       ||     5
       Phial of floods   |       |       |       |       |       |     1 |       |     2 |     3 ||     6
       Condenser vane    |       |       |       |       |       |       |     1 |     6 |     5 ||    12
       Box of beasts     |       |       |       |       |       |       |     1 |     5 |     8 ||    14
       Phantom mirror    |       |       |       |       |       |       |       |     1 |     5 ||     6
       Lightning rod     |       |       |       |       |       |       |       |       |     4 ||     4
       Horn of Geryon    |       |       |       |       |       |       |       |       |     3 ||     3
  Use: Scroll            |       |     4 |     8 |     5 |    29 |    17 |    13 |    20 |    49 ||   145
       Potion            |       |     1 |       |     1 |     6 |     6 |     2 |     7 |    30 ||    53
 Stab: Sleeping          |     7 |     6 |     8 |    40 |    90 |    93 |   111 |   157 |   134 ||   646
       Distracted        |       |     3 |     1 |     3 |    14 |     8 |    13 |    55 |    75 ||   172
       Confused          |       |     3 |    48 |   106 |   216 |   118 |    24 |    17 |       ||   532
       Invisible         |       |       |       |       |     1 |   165 |   161 |    94 |   131 ||   552
       Held in net/web   |       |       |       |       |       |       |     1 |       |     3 ||     4
Armor: Ring mail         |    53 |    85 |   191 |   226 |   372 |   144 |       |       |       ||  1071
       Robe              |     3 |       |       |       |       |       |       |       |       ||     3
       Leather armour    |       |    15 |       |       |       |       |       |       |       ||    15
       Skin              |       |       |     1 |       |       |       |       |       |       ||     1
       Troll leather arm |       |       |       |       |       |   366 |   311 |   395 |   614 ||  1686
Dodge: Dodged            |    78 |   127 |   237 |   336 |   467 |   711 |   669 |   867 |  1614 ||  5106
Block: Kite shield       |       |       |       |       |    44 |   738 |   708 |   998 |  2125 ||  4613
       Buckler           |       |       |       |       |    17 |       |       |       |       ||    17
       Reflection        |       |       |       |       |     5 |    28 |    53 |    28 |    22 ||   136
